AoeStats
← tiimAvodah2

Pilgrims

507259978Analyzed
4v4 RM · 16d ago on Sep 17, 2026· 36m 37s· 8 players
Game mode
Random Map
Map size
Large (8 player)
Population
200
Speed
Normal
Resources
Standard
Victory
Conquest
Starting age
Dark Age
Ending age
Imperial Age
RankedLock teamsTeams togetherTeam positionsShared explorationLock speedFull tech treeHidden civsTurbo modeCheats
Victory
Defeat
🇹🇼 Vikings · Taiwan
1038
+12
🇹🇼 Burmese · Taiwan
1015
+13
🇨🇱 Malay · Chile
974
+15
🇨🇱 Armenians · Chile
956
+16
🇦🇺 Goths · Australia
1075
-19
🇨🇳 Koreans · China
914
-13
🇭🇰 Chinese · Hong Kong SAR China
913
-12
🇨🇳 Persians · China
906
-12
Juan Carlos Bodoque
4:49 Loom
27:15 Feudal Age
27:59 Town Watch
28:51 Fletching
30:52 Forging
32:58 Castle Age
30:53 Fishing Lines
33:01 Medium Warships
32:43 Gillnets
33:18 Double-Bit Axe
34:25 Wheelbarrow
33:54 Town Patrol
34:38 Careening
35:49 Clinker Construction
35:45 Bodkin Arrow
Mapuche Mayer
Astronomy翔
10:36 Feudal Age
12:33 Wheelbarrow
12:20 Horse Collar
18:26 Castle Age
17:47 Bloodlines
21:59 Scale Barding Armor
22:41 Forging
27:04 Hand Cart
26:45 Gold Mining
27:02 Heavy Plow
27:30 Husbandry
28:37 Chain Barding Armor
28:11 Loom
29:19 Town Watch
29:19 Pikeman
30:37 Fervor
31:10 Iron Casting
34:19 Gold Shaft Mining
33:41 Stone Mining
35:53 Sanctity
nicebro
烛影曳红
15:09 Feudal Age
18:34 Double-Bit Axe
25:11 Wheelbarrow
28:31 Castle Age
26:27 Gold Mining
tiimAvodah2
8:31 Loom
17:34 Feudal Age
fj0083
4:28 Loom
夏
9:27 Loom
23:01 Feudal Age
24:10 Fishing Lines
31:52 Castle Age
39:07 Imperial Age
Connection lost

Rejoining the realm…

Still unreachable

The connection could not be restored.

Session expired

The server has moved on; the page needs a fresh start.